 Dungeon Crawl Stone Soup version 0.26-a0-642-g67e99244d3 (webtiles) character file.

Game seed: 14845921625431397443

60 MrRokkomies the Caller (level 4, 0/25 HPs)
             Began as a Tengu Summoner on Sept 22, 2020.
             Slain by an adder (3 damage)
             ... on level 3 of the Dungeon.
             The game lasted 00:02:13 (2741 turns).

MrRokkomies the Caller (Tengu Summoner)             Turns: 2741, Time: 00:02:13

Health: 0/25       AC:  2    Str:  9    XL:     4   Next: 4%
Magic:  8/8        EV: 13    Int: 16    God:
Gold:   85         SH:  0    Dex: 14    Spells: 6/7 levels left

rFire    . . .     SeeInvis .   a - +1 whip (elec)
rCold    . . .     Faith    +   (no shield)
rNeg     . . .     Spirit   .   h - +0 robe
rPois    .         Reflect  .   (helmet restricted)
rElec    .         Harm     .   (no cloak)
rCorr    .         Rampage  .   (no gloves)
MR       .....                  (boots unavailable)
Stlth    ++........             k - amulet of faith
HPRegen  0.08/turn              (no ring)
MPRegen  0.11/turn              (no ring)

@: brilliant, lethally poisoned (0 -> -8)
A: beak, talons 3
a: no special abilities


You were on level 3 of the Dungeon.
You visited 1 branch of the dungeon, and saw 3 of its levels.

You collected 85 gold pieces.

Inventory:

Hand Weapons
 a - a +1 whip of electrocution (weapon)
Missiles
 b - 12 boomerangs (quivered)
 g - 43 poisoned darts
Armour
 h - a +0 robe (worn)
Jewellery
 k - an amulet of faith (around neck)
Scrolls
 c - a scroll of identify
 d - a scroll of teleportation {unknown}
 i - a scroll of noise {unknown}
 l - a scroll of remove curse {unknown}
Potions
 e - a potion of mutation {unknown}
 f - a potion of brilliance
 j - a potion of haste {unknown}
 m - 2 potions of curing {unknown}


   Skills:
 + Level 1.2 Fighting
 * Level 3.2 Dodging
 - Level 2.0 Stealth
 + Level 2.3 Spellcasting
 * Level 5.4 Summonings


You had 6 spell levels left.
You knew the following spells:

 Your Spells              Type           Power        Failure   Level
a - Summon Small Mammal   Summ           ####         1%          1

Your spell library contained the following spells:

 Spells                   Type           Power        Failure   Level
 Call Imp                 Summ           ####....     3%          2
 Call Canine Familiar     Summ           ####....     6%          3
 Summon Guardian Golem    Hex/Summ       ###.....     19%         3
 Summon Ice Beast         Ice/Summ       ###.....     54%         4
 Summon Lightning Spire   Summ/Air       ###.....     54%         4


Dungeon Overview and Level Annotations

Branches:
Dungeon (3/15)

Altars:


Innate Abilities, Weirdness & Mutations

You have a beak for a mouth.
You have claws for feet.


Message History

You closely miss the adder. Your peck misses the adder.
The adder is severely wounded.
You feel sick. The adder bites you.
* * * LOW HITPOINT WARNING * * *
You miss the adder. You claw the adder, but do no damage.
The adder is severely wounded.
The adder barely misses you. The adder misses you.
You closely miss the adder. You claw the adder. Your peck misses the adder.
The adder is severely wounded.
The adder barely misses you.
You closely miss the adder.
The adder is severely wounded.
You feel sick. The adder bites you.
* * * LOW HITPOINT WARNING * * *
You are more poisoned.
The adder poisons you!
It was a potion of brilliance.
You feel clever all of a sudden. The adder closely misses you.
The adder bites you.
You die...

........[..........#
#......#
.....#####.#########
##.##### ####.# #.# #.#
####.# ##+# #.# ..##.#
##...# #.#
.....###.....## ####.#
..#####.......## ##.##.#
..####.........####>..#.#
.....+.)......gS@.......#
..####...>....K####...#.#
..# #.......## ##.##.#
#.# ##.....## ####.# #.#
##..$# #.# #.# ##+# ...
..# ... ### ..


You could see an adder, a goblin and a kobold.

Vanquished Creatures
  2 adders (D:2)
  An ooze (D:1)
  A worm (D:2)
  3 leopard geckos
  2 giant cockroaches
  2 goblins (D:3)
  2 hobgoblins (D:1)
  4 jackals (D:3)
  2 ball pythons
  4 bats
  A frilled lizard (D:3)
  2 kobolds
  3 rats
29 creatures vanquished.

Vanquished Creatures (collateral kills)
  A leopard gecko (D:1)
  A goblin (D:1)
2 creatures vanquished.

Grand Total: 31 creatures vanquished

Notes
Turn   | Place    | Note
-------+----------+-------------------------------------------
     0 | D:1      | MrRokkomies the Tengu Summoner began the quest for the Orb.
     0 | D:1      | Reached XP level 1. HP: 10/10 MP: 4/4
   719 | D:1      | Reached skill level 5 in Summonings
   727 | D:1      | Reached XP level 2. HP: 15/15 MP: 3/6
  1690 | D:2      | Reached XP level 3. HP: 16/20 MP: 7/7
  1955 | D:2      | Reached skill level 1 in Fighting
  2628 | D:3      | Reached XP level 4. HP: 25/25 MP: 8/8
  2741 | D:3      | Slain by an adder

Illustrated notes

Levels and vault maps discovered:
D:1:      sevenhm_arrival_forest_fort_small_3, layout_basic
D:2:      layout_rooms
D:3:      layout_loops_corners, dancing_weapons_uskayaw, tso_oasis_becter,
          serial_park_tiny_pond

Skill      XL: |  1  2  3 |
---------------+----------+-----
Summonings     | 5 |  5.4
Fighting       | 1 |  1.2
Dodging        | 3 |  3.2
Stealth        | |  2.0
Spellcasting   | |  2.3

Action                   |  1- 3 |  4- 6 || total
-------------------------+-------+-------++-------
Melee: Dagger            |    26 |       ||    26
       Peck              |     8 |     2 ||    10
       Kick              |    12 |     4 ||    16
       Whip              |    40 |    13 ||    53
 Cast: Summon Small Mamm |     8 |       ||     8
  Use: Scroll            |     1 |       ||     1
       Potion            |       |     1 ||     1
 Stab: Sleeping          |     6 |       ||     6
Armor: Robe              |    17 |     1 ||    18
Dodge: Dodged            |    46 |    14 ||    60

Table legend: (Time is in decaauts)
 A = Elapsed time spent in this place.
 B = Non-inter-level travel time spent in this place.
 C = Inter-level travel time spent in this place.
 D = Time resting spent in this place.
 E = Time spent auto-exploring this place.
 F = Levels seen in this place.
 G = Mean time per level.
                   A        B        C        D        E       F      G
               +--------+--------+--------+--------+--------+-----+--------+
         Total |   2744 |   2696 |     48 |      0 |   2439 |   3 |  914.7 |
       Dungeon |   2744 |   2696 |     48 |      0 |   2439 |   3 |  914.7 |
               +--------+--------+--------+--------+--------+-----+--------+

Top non-repeatable levels by time:
     D:1: 1426 daAuts
     D:2: 1016 daAuts
     D:3: 302 daAuts
